[Event "Titled Tuesday Blitz May 30 Late 2023"]
[White "Dragomirescu, Calin"]
[Black "Vovk, Orest"]
[WhiteFideId "1200895"]
[BlackFideId "14113490"]
[WhiteElo "2010"]
[BlackElo "2215"]
[Result "0-1"]
[Round "08"]
[TimeControl "180+2"]
[Date "2023.05.31"]
[WhiteClock "0:00:21"]
[BlackClock "0:00:05"]

1. d4 h6 2. c4 g5 3. Nc3 Bg7 4. h4 c5 5. hxg5 hxg5 6. Rxh8 Bxh8 7. e3 Nc6 8. d5 Bxc3+ 9. bxc3 Ne5 10. Nf3 Qa5 11. Bd2 Nxf3+ 12. Qxf3 d6 13. Qh5 Nf6 14. Qxg5 Bd7 15. Bd3 O-O-O 16. Kf1 Rh8 17. Kg1 Rg8 18. Qf4 Qa3 19. e4 Rg4 20. Qe3 Nh5 21. e5 Nf4 22. g3 Nxd3 23. Qxd3 dxe5 24. Be3 b6 25. d6 e6 26. Qh7 Qxc3 27. Rc1 Qa3 28. Qh8+ Kb7 29. Qd8 Qa4 30. Qc7+ Ka6 31. Kg2 f5 32. Rb1 Qc6+ 33. Qxc6 Bxc6+ 34. f3 f4 35. Kh2 fxg3+ 36. Kg2 Rg7 37. Rd1 e4 38. f4 Kb7 39. Rh1 Kc8 40. Rh6 Kd7 41. Rh8 Kxd6 42. Rd8+ Kc7 43. Rf8 Kb7 44. f5 exf5 45. Rxf5 Rd7 46. Kxg3 Ba4 47. Kf4 Bc2 48. Rf6 Bd3 49. Ke5 Bxc4 50. Kf4 Bxa2 51. Rh6 Bd5 52. Rh5 Bc6 53. Re5 a5 54. Bc1 a4 55. Ba3 Ka6 56. Ke3 Rd3+ 0-1


[Site "https://www.chess.com"]

[Event "Titled Tuesday Blitz May 30 Late 2023"]
[White "Shapiro, Daniel"]
[Black "Arencibia Monduy, Antonio"]
[WhiteFideId "2001780"]
[BlackFideId "3507939"]
[WhiteElo "2364"]
[BlackElo "2458"]
[Result "0-1"]
[Round "08"]
[TimeControl "180+2"]
[Date "2023.05.31"]
[WhiteClock "0:00:01"]
[BlackClock "0:00:06"]

1. d4 Nf6 2. c4 e6 3. g3 d5 4. Nf3 c6 5. Qc2 Ne4 6. Bg2 Bd6 7. O-O O-O 8. Ne5 f5 9. Nd3 Nd7 10. f3 Nef6 11. Nd2 Rb8 12. b3 b6 13. Bb2 Bb7 14. Rae1 Nh5 15. e4 Nxg3 16. hxg3 Bxg3 17. Nf2 fxe4 18. Ndxe4 dxe4 19. Qxe4 Rf6 20. Re2 c5 21. d5 exd5 22. cxd5 Rg6 23. Nh1 Bd6 24. f4 Nf6 25. Qe6+ Kh8 26. Be5 Nxd5 27. Rd2 Rxe6 28. Bxd5 Bxd5 29. Rxd5 Rg6+ 30. Kf2 Qh4+ 31. Ke2 Bxe5 32. Rxe5 Rd8 33. Nf2 Qf6 34. Ne4 Qh4 35. Ng5 Qg4+ 36. Ke3 Rxg5 37. fxg5 Qh3+ 38. Rf3 Qd7 39. Ref5 Qd4+ 40. Ke2 g6 41. Rf7 Qd2+ 42. Kf1 Qxg5 43. Kf2 Rd2+ 0-1


[Site "https://www.chess.com"]

[Event "Titled Tuesday Blitz May 30 Late 2023"]
[White "Nilsen, Tobias Lang"]
[Black "Botez, Alexandra"]
[WhiteFideId "1521624"]
[BlackFideId "2603365"]
[WhiteElo "2183"]
[BlackElo "2040"]
[Result "0-1"]
[Round "08"]
[TimeControl "180+2"]
[Date "2023.05.31"]
[WhiteClock "0:00:16"]
[BlackClock "0:00:12"]

1. e4 e6 2. d4 d5 3. Nc3 Nf6 4. e5 Nfd7 5. f4 c5 6. Nf3 Nc6 7. Be3 a6 8. a3 b5 9. Bd3 cxd4 10. Nxd4 Nxd4 11. Bxd4 Bc5 12. Ne2 Qb6 13. c3 f5 14. b4 Bxd4 15. Nxd4 O-O 16. O-O Nb8 17. Kh1 Nc6 18. Nb3 Ra7 19. a4 Rff7 20. Qe2 bxa4 21. Rxa4 d4 22. Qf2 Bd7 23. Rfa1 Nxe5 24. fxe5 Bxa4 25. Rxa4 Qc6 26. Nc5 dxc3 27. Qc2 a5 28. Ra1 axb4 29. Na4 Rfd7 30. Rd1 Qxa4 31. Qb1 h6 32. Rf1 Qa2 33. Qxb4 Rxd3 34. h4 Rad7 35. Qb8+ Kh7 36. h5 Rg3 37. Qe8 Qxg2# 0-1


[Site "https://www.chess.com"]

[Event "Titled Tuesday Blitz May 30 Late 2023"]
[White "Bashkansky, Ethan"]
[Black "Jakic, Ivan"]
[WhiteFideId "2071533"]
[BlackFideId "14504901"]
[WhiteElo "2333"]
[BlackElo "2370"]
[Result "0-1"]
[Round "08"]
[TimeControl "180+2"]
[Date "2023.05.31"]
[WhiteClock "0:00:01"]
[BlackClock "0:00:04"]

1. d4 Nf6 2. c4 Nc6 3. Nf3 e6 4. Nc3 d6 5. Bg5 Ke7 6. e4 h6 7. Bh4 g5 8. Nxg5 hxg5 9. Bxg5 Bh6 10. Bh4 Bg7 11. g3 Rxh4 12. gxh4 Qh8 13. Rg1 Ne8 14. e5 Qxh4 15. Rg4 Qxh2 16. exd6+ cxd6 17. Qd2 Kf8 18. O-O-O Bh6 19. f4 Qxd2+ 20. Rxd2 Nxd4 21. Rxd4 e5 22. Rh4 exd4 23. Nb5 Bg7 24. Bg2 a6 25. Na3 Rb8 26. Bd5 Be6 27. Be4 b5 28. f5 Bxc4 29. b3 Be2 30. Kd2 d3 31. Bd5 Nf6 32. Bc6 Rc8 33. Bb7 Rc7 34. Bxa6 Nd5 35. Nxb5 Rc2+ 36. Ke1 Rxa2 37. Ra4 Rb2 38. Bb7 Nc3 39. Ra8+ Ke7 40. Rc8 Nxb5 41. Kf2 Bd4+ 42. Kg3 Be5+ 43. Kh4 Bf3 44. Kh3 Kf6 45. Rc6 Kg5 46. Rb6 Rh2# 0-1


[Site "https://www.chess.com"]

[Event "Titled Tuesday Blitz May 30 Late 2023"]
[White "Devagharan, Devina"]
[Black "Torres Dominguez, David"]
[WhiteFideId "2061600"]
[BlackFideId "2220857"]
[WhiteElo "2442"]
[BlackElo "1999"]
[Result "1-0"]
[Round "08"]
[TimeControl "180+2"]
[Date "2023.05.31"]
[WhiteClock "0:00:06"]
[BlackClock "0:00:04"]

1. d4 e5 2. dxe5 d6 3. Nf3 Bg4 4. e4 Nc6 5. Be2 dxe5 6. O-O Qxd1 7. Rxd1 Bxf3 8. Bxf3 Nd4 9. Rd2 Nf6 10. c3 Nxf3+ 11. gxf3 Bd6 12. Rd1 Nd7 13. Nd2 Nb6 14. a4 a5 15. Nf1 Ke7 16. Ne3 g6 17. b3 c6 18. Bb2 Rhd8 19. Rd2 Bc5 20. Rad1 Rxd2 21. Rxd2 Ke6 22. Kf1 Be7 23. Ke2 Rd8 24. Rxd8 Bxd8 25. Ba3 Nd7 26. Nc4 b5 27. axb5 cxb5 28. Ne3 a4 29. bxa4 bxa4 30. Nd5 Nb6 31. Ne3 f5 32. Kd3 Bh4 33. Nd1 fxe4+ 34. fxe4 Be7 35. Bb2 a3 36. Ba1 Bc5 37. c4 Kd6 38. Nc3 Kc6 39. Nb5 Na4 40. f3 Nb2+ 41. Bxb2 axb2 42. Kc2 Bd4 43. Nxd4+ exd4 44. Kxb2 Kc5 45. Kb3 g5 46. h3 h6 47. e5 h5 48. Kc2 g4 49. fxg4 hxg4 50. hxg4 1-0


[Site "https://www.chess.com"]

[Event "Titled Tuesday Blitz May 30 Late 2023"]
[White "Simonian, Hrair"]
[Black "Florianovitz, Derlei Alex"]
[WhiteFideId "13302337"]
[BlackFideId "2114178"]
[WhiteElo "2447"]
[BlackElo "1953"]
[Result "1-0"]
[Round "08"]
[TimeControl "180+2"]
[Date "2023.05.31"]
[WhiteClock "0:00:08"]
[BlackClock "0:00:05"]

1. e4 e6 2. d4 d5 3. Nc3 Nf6 4. Bg5 dxe4 5. Nxe4 Be7 6. Bxf6 gxf6 7. Nf3 f5 8. Nc3 b6 9. Qd2 Bb7 10. O-O-O c6 11. Ne5 Nd7 12. Qe3 Nxe5 13. dxe5 Qc7 14. Kb1 Rd8 15. Be2 Rg8 16. Qh6 Qxe5 17. Qxh7 Qg7 18. Qxg7 Rxg7 19. Bf3 Bc5 20. Rxd8+ Kxd8 21. Nd1 f4 22. h4 Kc7 23. h5 Bf8 24. Nc3 f5 25. Re1 Kd6 26. Rd1+ Kc7 27. Re1 Kd6 28. Rd1+ Kc7 29. Ne2 Bd6 30. Rh1 Ba6 31. h6 Rh7 32. Nd4 Bc4 33. b3 Bd5 34. Bxd5 exd5 35. Ne6+ Kd7 36. Ng5 Rh8 37. h7 Ke7 38. Rh6 Bc5 39. Re6+ Kd7 40. Rf6 Bd4 41. Rxf5 Re8 42. c4 Re2 43. Rxf4 Be5 44. Rf7+ Ke8 45. f4 Bc3 46. Rxa7 Rb2+ 47. Kc1 Rxg2 48. cxd5 cxd5 49. h8=Q+ Bxh8 50. Ra8+ Ke7 51. Rxh8 Rg4 52. Rh7+ Kf6 53. Rf7+ Kg6 54. Rf8 d4 55. Nf3 d3 56. Ne5+ Kh5 57. Nxg4 Kxg4 58. Kd2 1-0


[Site "https://www.chess.com"]

[Event "Titled Tuesday Blitz May 30 Late 2023"]
[White "Sadilek, Peter"]
[Black "Melikyan, Gnel"]
[WhiteFideId "1616439"]
[BlackFideId "54109990"]
[WhiteElo "2227"]
[BlackElo "2138"]
[Result "0-1"]
[Round "08"]
[TimeControl "180+2"]
[Date "2023.05.31"]
[WhiteClock "0:00:05"]
[BlackClock "0:01:02"]

1. e4 h6 2. d4 c6 3. Nc3 e6 4. Nf3 d6 5. g3 g6 6. Bg2 Bg7 7. O-O Ne7 8. a4 Nd7 9. Re1 O-O 10. a5 Rb8 11. Be3 b6 12. axb6 axb6 13. Qd2 Bb7 14. Bxh6 b5 15. Bxg7 Kxg7 16. Qf4 Nf6 17. Ng5 b4 18. Nd1 c5 19. dxc5 dxc5 20. Ne3 Qd4 21. Ra7 e5 22. Qf3 c4 23. Raa1 Nxe4 24. Nxe4 f5 25. Rad1 Bxe4 26. Qe2 Qc5 27. Bxe4 fxe4 28. Qxc4 Qxc4 29. Nxc4 Nf5 30. Rd7+ Rf7 31. Rxf7+ Kxf7 32. Rxe4 Kf6 33. Nxe5 Rd8 34. Nd3 b3 35. Rc4 bxc2 36. Rxc2 Rxd3 37. h4 Nd4 38. Rc4 Rd2 39. b4 Ke5 40. Kg2 Nf5 41. Rc5+ Ke4 42. Rc4+ Kd3 43. Rf4 Ne3+ 44. Kf3 Nc2 45. Rf6 Ne1+ 46. Kg4 Rb2 47. Rxg6 Rxb4+ 48. Kh5 Nf3 49. Rd6+ Ke2 50. g4 Kxf2 51. g5 Rxh4+ 52. Kg6 Rg4 53. Rd5 Kg3 54. Rf5 Nh4+ 55. Kf6 Nxf5 56. Kxf5 Kh4 57. g6 Kh5 0-1


[Site "https://www.chess.com"]

[Event "Titled Tuesday Blitz May 30 Late 2023"]
[White "Perez, Maximiliano"]
[Black "Gasparyan, David"]
[WhiteFideId "117234"]
[BlackFideId "13311980"]
[WhiteElo "2344"]
[BlackElo "2409"]
[Result "1-0"]
[Round "08"]
[TimeControl "180+2"]
[Date "2023.05.31"]
[WhiteClock "0:00:29"]
[BlackClock "0:00:46"]

1. e4 e5 2. Nf3 Nc6 3. Bc4 Nf6 4. d3 Bc5 5. O-O h6 6. Re1 d6 7. c3 Bb6 8. Nbd2 Ng4 9. Re2 O-O 10. h3 Nf6 11. Nf1 Nh5 12. Re1 Kh8 13. Nxe5 Nxe5 14. Qxh5 Nxc4 15. dxc4 f5 16. exf5 Rxf5 17. Re8+ Kh7 18. Qxf5+ Bxf5 19. Rxd8 Rxd8 20. Be3 Bd3 21. Bxb6 axb6 22. Ne3 Ra8 23. a3 Re8 24. Rd1 Be4 25. Re1 Bc6 26. Kf1 Kg6 27. Nd5 Rxe1+ 28. Kxe1 Bxd5 29. cxd5 b5 30. Ke2 Kf5 31. Ke3 Ke5 32. f4+ Kxd5 33. Kd3 c5 34. g4 g6 35. Ke3 Ke6 36. Kd3 Kd5 37. b3 Ke6 38. c4 bxc4+ 39. bxc4 d5 40. cxd5+ Kxd5 41. a4 b6 42. h4 h5 43. g5 Ke6 44. Ke4 c4 45. Kd4 Kf5 46. Kxc4 Kg4 47. Kb5 Kxh4 48. Kxb6 Kg4 49. a5 h4 50. a6 h3 51. a7 Kxf4 52. a8=Q Kxg5 53. Kc5 Kf4 54. Kd4 g5 55. Qf8+ Kg3 56. Ke3 Kh2 57. Qf2+ Kh1 58. Kf3 g4+ 59. Kg3 h2 60. Qf1# 1-0


[Site "https://www.chess.com"]

[Event "Titled Tuesday Blitz May 30 Late 2023"]
[White "Ansh M Shah"]
[Black "Iskusnyh, Sergei"]
[WhiteFideId "25033379"]
[BlackFideId "4120027"]
[WhiteElo "2084"]
[BlackElo "2492"]
[Result "1-0"]
[Round "08"]
[TimeControl "180+2"]
[Date "2023.05.31"]
[WhiteClock "0:00:31"]
[BlackClock "0:00:02"]

1. d4 d5 2. c4 c6 3. cxd5 cxd5 4. Nc3 Nf6 5. Bf4 Nc6 6. e3 a6 7. Nf3 Bg4 8. Rc1 e6 9. Qb3 Ra7 10. Ne5 Nxe5 11. Bxe5 Be7 12. Qa4+ Nd7 13. Bxg7 Rg8 14. Bh6 Ra8 15. Bf4 Bf5 16. h3 h5 17. Qb3 b5 18. a4 b4 19. Na2 Rc8 20. Bxa6 Rxc1+ 21. Nxc1 Rxg2 22. Kf1 Rg8 23. Bd3 Bxd3+ 24. Nxd3 Qc8 25. Ke2 Nb6 26. Rc1 Nc4 27. Ne5 Qa6 28. Nxc4 Kd7 29. Qd3 dxc4 30. Qxc4 Qxc4+ 31. Rxc4 Rg1 32. Rc2 Rb1 33. Kd3 b3 34. Re2 Rc1 35. a5 Kc8 36. a6 Rc6 37. f3 1-0


[Site "https://www.chess.com"]

[Event "Titled Tuesday Blitz May 30 Late 2023"]
[White "gao6969"]
[Black "Fiorito, Francisco"]
[BlackFideId "180165"]
[WhiteElo "2390"]
[BlackElo "2341"]
[Result "0-1"]
[Round "08"]
[TimeControl "180+2"]
[Date "2023.05.31"]
[WhiteClock "0:00:10"]
[BlackClock "0:01:22"]

1. a3 Nf6 2. b4 g6 3. Bb2 Bg7 4. g3 O-O 5. Bg2 d6 6. c4 e5 7. Nf3 c6 8. d4 e4 9. Nfd2 d5 10. Nc3 e3 11. fxe3 Ng4 12. Nf1 Re8 13. Bc1 dxc4 14. h3 Nf6 15. e4 a5 16. bxa5 Qxa5 17. Bd2 Qb6 18. e3 c5 19. d5 Nbd7 20. Rb1 Qd8 21. Kf2 Ne5 22. Nh2 Rxa3 23. Nb5 Ra2 24. Kg1 Nh5 25. Nf1 Nd3 26. Bc3 Nf2 27. Qf3 Nxh1 28. Kxh1 Bxc3 29. Nxc3 Rc2 30. Nb5 c3 31. g4 Nf6 32. Ng3 Rb2 33. Nxc3 Rxb1+ 34. Nxb1 Nd7 35. Nc3 Ne5 36. Qe2 Bd7 37. Nf1 Qa5 38. Nd1 Bb5 39. Qf2 Bxf1 40. Qxf1 Qd2 41. Kh2 c4 42. Nf2 Qxe3 43. Nd1 Qd2 44. Nf2 Qf4+ 45. Kg1 c3 46. Qd1 Rc8 47. Qc2 Qd2 48. Qxd2 cxd2 49. Kf1 Rc1+ 50. Ke2 Nc4 51. Nd1 Kf8 52. h4 Rxd1 53. Kxd1 Ne3+ 54. Kxd2 Nxg2 55. Kd3 Ke7 56. Kc4 Kd6 57. Kd4 f6 58. e5+ fxe5+ 59. Ke4 Nxh4 60. g5 Nf5 61. Kf3 Ne7 62. Kg4 Nxd5 63. Kh4 b5 64. Kg4 b4 65. Kh4 b3 66. Kg4 b2 67. Kh4 0-1


[Site "https://www.chess.com"]

[Event "Titled Tuesday Blitz May 30 Late 2023"]
[White "Gomez Barrera, Javiera Belen"]
[Black "OPQRC"]
[WhiteFideId "3418723"]
[WhiteElo "2119"]
[BlackElo "2561"]
[Result "1-0"]
[Round "08"]
[TimeControl "180+2"]
[Date "2023.05.31"]
[WhiteClock "0:00:06"]
[BlackClock "0:00:05"]

1. e4 c5 2. Nf3 Nc6 3. d4 cxd4 4. Nxd4 Nf6 5. Nc3 e6 6. Ndb5 Bb4 7. a3 Bxc3+ 8. Nxc3 d5 9. exd5 exd5 10. Bd3 O-O 11. O-O h6 12. Bf4 Re8 13. h3 d4 14. Nb5 Nd5 15. Bg3 Be6 16. Nd6 Re7 17. Re1 Rd7 18. Nf5 Bxf5 19. Bxf5 Re7 20. Qf3 Nf6 21. Bd3 Qe8 22. Rxe7 Qxe7 23. Qf5 Re8 24. Bh4 Qe5 25. Bxf6 Qxf5 26. Bxf5 gxf6 27. Kf1 Re5 28. Bd3 Kf8 29. f4 Re3 30. Re1 Rxe1+ 31. Kxe1 Ke7 32. Ke2 Ke6 33. g4 Nd8 34. Kf3 Kd5 35. b3 a5 36. Kg3 Ne6 37. Bc4+ Kc5 38. h4 a4 39. Bd3 axb3 40. cxb3 b5 41. Kf3 b4 42. a4 Nc7 43. Bc4 Nd5 44. Ke4 Nc3+ 45. Kd3 Na2 46. Bxf7 Nc1+ 47. Kd2 Na2 48. g5 fxg5 49. fxg5 hxg5 50. h5 Nc3 51. h6 Ne4+ 52. Kd3 Nf6 53. Bg6 g4 54. h7 Nxh7 55. Bxh7 Kd5 56. Be4+ Ke5 57. Bg2 g3 58. a5 Kd6 59. a6 Kc7 60. a7 1-0


[Site "https://www.chess.com"]

[Event "Titled Tuesday Blitz May 30 Late 2023"]
[White "Ladan, Nicholas"]
[Black "Talbi, Chafik"]
[WhiteFideId "30918855"]
[BlackFideId "7903715"]
[WhiteElo "2167"]
[BlackElo "2186"]
[Result "1-0"]
[Round "08"]
[TimeControl "180+2"]
[Date "2023.05.31"]
[WhiteClock "0:00:03"]
[BlackClock "0:00:01"]

1. f3 d5 2. Kf2 e5 3. e3 f5 4. c4 c6 5. Nc3 d4 6. Nce2 c5 7. exd4 cxd4 8. d3 Nf6 9. Bg5 Nc6 10. Bxf6 Qxf6 11. Ng3 g6 12. Be2 Bh6 13. Nh3 Be3+ 14. Kf1 O-O 15. a3 a5 16. Nf2 a4 17. Qc2 h5 18. h4 Bf4 19. Rh3 Be6 20. Bd1 Kh7 21. Ne2 Be3 22. Qb1 Bd7 23. Bc2 Nd8 24. Qd1 Ne6 25. Rb1 Nc5 26. b4 axb3 27. Bxb3 Rxa3 28. Bc2 Bc6 29. Qe1 e4 30. dxe4 d3 31. Bxd3 Nxd3 32. Nxd3 Rxd3 33. exf5 Qxf5 34. Nc1 Rc3 35. Na2 Ra3 36. Nb4 Bd2 37. Qd1 Bxb4 38. Rxb4 Qd3+ 39. Qxd3 Rxd3 40. Rg3 Rf4 41. Rh3 Rdd4 42. Rg3 Rxh4 43. Kf2 Rxc4 44. Rb3 Rc2+ 45. Ke3 Rhc4 46. Kd3 Rc5 47. Ra3 Rc1 48. Ra7 Rd1+ 49. Ke2 Rd7 50. Rh3 Re5+ 51. Kf2 Rd2+ 52. Kg3 Rg5+ 53. Kf4 Rgxg2 54. Rh1 Rde2 55. Rc1 1-0


[Site "https://www.chess.com"]

[Event "Titled Tuesday Blitz May 30 Late 2023"]
[White "D`Arruda, Ricardo D."]
[Black "Urbina Perez, Juan Antonio"]
[WhiteFideId "100692"]
[BlackFideId "2217368"]
[WhiteElo "2514"]
[BlackElo "2197"]
[Result "0-1"]
[Round "08"]
[TimeControl "180+2"]
[Date "2023.05.31"]
[WhiteClock "0:01:32"]
[BlackClock "0:01:52"]

1. Nf3 d5 2. d4 Nf6 3. g3 e6 4. Bg2 Be7 5. O-O O-O 6. c4 c6 7. Nc3 b6 8. Qc2 Ba6 9. Ne5 Nfd7 10. cxd5 Nxe5 11. dxe5 cxd5 12. Rd1 Qc7 13. e4 d4 14. Rxd4 Nc6 15. Ra4 Bb7 16. f4 b5 17. Nd5 exd5 18. exd5 bxa4 19. dxc6 Rac8 0-1


[Site "https://www.chess.com"]

[Event "Titled Tuesday Blitz May 30 Late 2023"]
[White "Bringas Gomez, Artai"]
[Black "Torres Hernandez, Leslie Carolin"]
[WhiteFideId "24534064"]
[BlackFideId "8400504"]
[WhiteElo "2179"]
[BlackElo "1920"]
[Result "1-0"]
[Round "08"]
[TimeControl "180+2"]
[Date "2023.05.31"]
[WhiteClock "0:00:54"]
[BlackClock "0:00:02"]

1. e4 e6 2. d4 d5 3. Nc3 Bb4 4. exd5 exd5 5. Bd3 Ne7 6. Ne2 O-O 7. O-O Bf5 8. Bf4 c6 9. a4 Bd6 10. Bxd6 Qxd6 11. Ng3 Bxd3 12. Qxd3 Nd7 13. a5 a6 14. Na4 Rae8 15. c3 f5 16. f4 g6 17. b4 Kg7 18. Nc5 Nxc5 19. dxc5 Qf6 20. Ne2 Ng8 21. c4 Qb2 22. Rae1 Nf6 23. Nd4 Ne4 24. cxd5 cxd5 25. Rb1 Qc3 26. Rfd1 Rf7 27. Nf3 Qc4 28. Ne5 Rxe5 29. fxe5 Nc3 30. e6 Re7 31. Qxc4 dxc4 32. Rd7 Kf6 33. Rxe7 Kxe7 34. Re1 Nd5 35. b5 axb5 36. c6 bxc6 37. a6 Nb6 38. a7 Na8 39. Kf2 b4 40. Ke3 c3 41. Kd3 Nb6 42. Ra1 Na8 43. Ra4 c5 44. Ra6 h6 45. Rc6 g5 46. Rxc5 Kxe6 47. Rc8 Nb6 48. a8=Q Nxa8 49. Rxa8 1-0


[Site "https://www.chess.com"]

[Event "Titled Tuesday Blitz May 30 Late 2023"]
[White "Kujawski, Adam"]
[Black "Janaszak, Dawid"]
[WhiteFideId "1100920"]
[BlackFideId "1119206"]
[WhiteElo "2054"]
[BlackElo "2220"]
[Result "0-1"]
[Round "08"]
[TimeControl "180+2"]
[Date "2023.05.31"]
[WhiteClock "0:00:03"]
[BlackClock "0:00:30"]

1. e4 e5 2. Nf3 Bc5 3. Nxe5 Nc6 4. Nf3 d5 5. exd5 Qxd5 6. Nc3 Qh5 7. d4 Nxd4 8. Nxd4 Qxd1+ 9. Nxd1 Bxd4 10. Be3 Bf6 11. Nc3 Ne7 12. O-O-O Bxc3 13. bxc3 Be6 14. c4 f6 15. Be2 Kf7 16. Bf3 c6 17. g4 Ng6 18. h3 Ne5 19. Be2 Rhe8 20. Rd4 g5 21. a3 b6 22. h4 c5 23. Re4 h6 24. hxg5 hxg5 25. Rh7+ Kg6 26. Rc7 Rec8 27. Rxc8 Rxc8 28. f4 gxf4 29. Bxf4 Bxg4 30. Bxe5 Bf5 31. Bd3 Bxe4 32. Bxe4+ Kg5 33. Bc3 Re8 34. Bd5 f5 35. Kd1 f4 36. Bd2 Kg4 37. Bc6 Re7 38. Bc3 f3 39. Be1 Re3 40. Bf2 Rxa3 41. Bd7+ Kf4 42. Kd2 Ra1 0-1


[Site "https://www.chess.com"]

[Event "Titled Tuesday Blitz May 30 Late 2023"]
[White "Senft, Sean"]
[Black "Rose, Felix"]
[WhiteFideId "2044960"]
[BlackFideId "5105722"]
[WhiteElo "1989"]
[BlackElo "2039"]
[Result "1-0"]
[Round "08"]
[TimeControl "180+2"]
[Date "2023.05.31"]
[WhiteClock "0:01:19"]
[BlackClock "0:00:05"]

1. d4 d5 2. c4 e6 3. Nc3 Nf6 4. cxd5 exd5 5. Bg5 c6 6. e3 Be7 7. Bd3 Nbd7 8. Nf3 h6 9. Bh4 Nh5 10. Bxe7 Qxe7 11. O-O O-O 12. Rc1 Nb6 13. Ne5 Nf6 14. f4 g6 15. Qe1 Ng4 16. h3 Nxe5 17. fxe5 Qg5 18. Rf6 Bxh3 19. Qf2 Nd7 20. Rf3 Bg4 21. Rg3 Rae8 22. Be2 h5 23. Bxg4 hxg4 24. Qe2 f5 25. Rf1 Kg7 26. Nd1 Rh8 27. Qf2 Nf8 28. Qf4 Qxf4 29. exf4 Ne6 30. Rd3 Ref8 31. Nc3 g5 32. Ne2 Kg6 33. Rb3 Rf7 34. Ra3 a6 35. b4 gxf4 36. Nxf4+ Nxf4 37. Rxf4 Kg5 38. Rf1 f4 39. Kf2 Kf5 40. Re1 Re7 41. Rb3 Rh2 42. a4 Reh7 43. b5 axb5 44. axb5 f3 45. Rg1 cxb5 46. Rxb5 Rxg2+ 47. Rxg2 fxg2 48. Rxd5 Rf7 49. Kxg2 Ke4 50. Rd6 Rf3 51. e6 Re3 52. d5 Kd4 53. Rd7 Kc5 54. e7 b5 55. d6 Kc6 56. Rd8 b4 57. Kf2 Re6 58. e8=Q+ Rxe8 59. Rxe8 b3 60. Rb8 Kxd6 61. Rxb3 Ke5 62. Kg3 1-0


[Site "https://www.chess.com"]

[Event "Titled Tuesday Blitz May 30 Late 2023"]
[White "Karas, Marek"]
[Black "Smiechu"]
[WhiteFideId "14928558"]
[WhiteElo "2233"]
[BlackElo "2346"]
[Result "0-1"]
[Round "08"]
[TimeControl "180+2"]
[Date "2023.05.31"]
[WhiteClock "0:00:02"]
[BlackClock "0:00:07"]

1. h4 e5 2. a4 d5 3. e3 Nf6 4. b3 Bd6 5. Bb2 Bf5 6. Be2 c6 7. g4 Be6 8. g5 Nfd7 9. Nf3 Qc7 10. Na3 Bg4 11. c4 Bxf3 12. Bxf3 e4 13. Be2 Be5 14. Qc2 Bxb2 15. Qxb2 Qe5 16. O-O-O Na6 17. Nc2 Qxb2+ 18. Kxb2 Nac5 19. cxd5 cxd5 20. Nb4 Ne5 21. d4 exd3 22. Nxd3 Ncxd3+ 23. Bxd3 Ke7 24. Be2 Rhd8 25. Rd2 Rd6 26. Rhd1 Rad8 27. f4 Nc6 28. Bf3 Ke6 29. Bg4+ Ke7 30. Bf3 Ke6 31. Bg2 f5 32. Bf3 a5 33. Be2 d4 34. Bc4+ Ke7 35. Re1 d3 36. Kc3 Nb4 37. e4 fxe4 38. Rxe4+ Kf8 39. f5 Re8 40. Be6 Rc6+ 41. Rc4 Rxc4+ 0-1


[Site "https://www.chess.com"]

[Event "Titled Tuesday Blitz May 30 Late 2023"]
[White "Padalka, Artem"]
[Black "Womacka, Mathias"]
[WhiteFideId "14118637"]
[BlackFideId "4611390"]
[WhiteElo "2073"]
[BlackElo "2377"]
[Result "1/2-1/2"]
[Round "08"]
[TimeControl "180+2"]
[Date "2023.05.31"]
[WhiteClock "0:00:03"]
[BlackClock "0:00:41"]

1. e4 c5 2. Nf3 d6 3. d4 cxd4 4. Nxd4 Nf6 5. Nc3 a6 6. Be2 e5 7. Nb3 Be7 8. O-O O-O 9. Be3 Be6 10. f4 exf4 11. Rxf4 Nc6 12. Qd2 Rc8 13. Raf1 b5 14. Nd5 Bxd5 15. exd5 Ne5 16. c3 Nfd7 17. a4 Bg5 18. Rb4 Bxe3+ 19. Qxe3 bxa4 20. Rxa4 Rb8 21. Nd4 Rxb2 22. Rxa6 Re8 23. Qf4 Nf6 24. c4 Qc7 25. Qc1 Rb4 26. Rxf6 gxf6 27. Nf5 Qc5+ 28. Kh1 Qf2 29. Nxd6 Qxe2 30. Nxe8 Nd3 31. Nxf6+ Kf8 32. Ra8+ Ke7 33. Re8+ Kxf6 34. Qh6+ Kf5 35. Qxh7+ Kf6 36. Qh6+ Kf5 37. Qh7+ Kf6 38. Qh8+ Kf5 39. Qh7+ 1/2-1/2


[Site "https://www.chess.com"]

[Event "Titled Tuesday Blitz May 30 Late 2023"]
[White "Seletsky, Grigory"]
[Black "Figorito, Nick"]
[WhiteFideId "14112191"]
[BlackFideId "30923689"]
[WhiteElo "2491"]
[BlackElo "2340"]
[Result "1-0"]
[Round "08"]
[TimeControl "180+2"]
[Date "2023.05.31"]
[WhiteClock "0:01:19"]
[BlackClock "0:00:21"]

1. b3 b6 2. Bb2 Bb7 3. c4 Nf6 4. Nf3 e6 5. e3 Be7 6. Nc3 O-O 7. Be2 d5 8. O-O dxc4 9. bxc4 c5 10. d3 Nc6 11. a3 Qd7 12. Qc2 Rfd8 13. Rfd1 Qe8 14. Rac1 Rac8 15. Ng5 h6 16. Nge4 Nxe4 17. Nxe4 e5 18. Nc3 Bf6 19. Nd5 Ne7 20. e4 Bxd5 21. cxd5 Ng6 22. g3 Be7 23. a4 Bd6 24. Bg4 Rb8 25. h4 Ne7 26. Bc3 f6 27. Be6+ Kh8 28. Ra1 a5 29. Qe2 Bc7 30. h5 Nc8 31. Rf1 Nd6 32. f4 Nf7 33. Bxf7 Qxf7 34. fxe5 Qd7 35. exf6 Qh3 36. fxg7+ Kh7 37. Qh2 Qg4 38. Rf7 Bxg3 39. Qg2 Qg5 40. g8=Q+ Kxg8 41. Rg7+ Qxg7 42. Bxg7 1-0


[Site "https://www.chess.com"]

[Event "Titled Tuesday Blitz May 30 Late 2023"]
[White "StarkyNZ"]
[Black "Pasti, Aron"]
[BlackFideId "785857"]
[WhiteElo "2320"]
[BlackElo "2173"]
[Result "0-1"]
[Round "08"]
[TimeControl "180+2"]
[Date "2023.05.31"]
[WhiteClock "0:00:04"]
[BlackClock "0:00:24"]

1. d4 d5 2. c4 e6 3. Nf3 Nf6 4. Nc3 dxc4 5. a4 c5 6. e3 Nc6 7. Bxc4 cxd4 8. exd4 Be7 9. O-O O-O 10. Bf4 b6 11. Qe2 Bb7 12. Rfd1 Nb4 13. Ne5 Rc8 14. Bb3 Nbd5 15. Nxd5 Nxd5 16. Bg3 Bd6 17. Rac1 Qg5 18. Nf3 Qxc1 19. Rxc1 Rxc1+ 20. Ne1 Bb4 21. f3 Nf4 22. Qe3 Rfc8 23. Qxf4 Bxe1 24. Bxe1 Rxe1+ 25. Kf2 Rb1 26. Qd2 Rcc1 27. Kg3 g6 28. h4 Rg1 29. h5 Rbf1 30. d5 exd5 31. hxg6 hxg6 32. Qf4 Rc1 33. Qb8+ Bc8 34. Bxd5 Rc5 35. b4 Rxd5 36. Qxc8+ Kh7 37. Qc7 Kg7 38. Qxa7 Rg5+ 39. Kf2 R5xg2+ 40. Ke3 Re1+ 41. Kd3 Ra2 42. Qxb6 Rd1+ 43. Kc3 Rxa4 44. Kb3 Rxb4+ 0-1


[Site "https://www.chess.com"]

[Event "Titled Tuesday Blitz May 30 Late 2023"]
[White "Sanhueza, Cristian"]
[Black "Skuhala, Barbara"]
[WhiteFideId "116815"]
[BlackFideId "14605465"]
[WhiteElo "2174"]
[BlackElo "2072"]
[Result "1/2-1/2"]
[Round "08"]
[TimeControl "180+2"]
[Date "2023.05.31"]
[WhiteClock "0:00:02"]
[BlackClock "0:01:41"]

1. e4 c5 2. Nf3 d6 3. d4 cxd4 4. Nxd4 Nf6 5. f3 a6 6. c4 e5 7. Nc2 Be7 8. Nc3 Be6 9. Be2 Nbd7 10. O-O Rc8 11. Ne3 O-O 12. Ned5 Bxd5 13. exd5 Nh5 14. g3 f5 15. f4 Nhf6 16. fxe5 Nxe5 17. Rxf5 Nxc4 18. Bxc4 Rxc4 19. Qe2 Rc8 20. Bg5 h6 21. Be3 Nh7 22. Raf1 Rxf5 23. Rxf5 Bf6 24. Qd3 Bxc3 25. bxc3 Qe7 26. Bd4 Ng5 27. Kg2 Re8 28. h4 Ne4 29. Rf1 Qd7 30. Re1 Qg4 31. Qf3 Qxf3+ 32. Kxf3 Nd2+ 33. Kf2 Rxe1 34. Kxe1 Ne4 35. g4 Kf7 36. Ke2 b5 37. Kf3 Nd2+ 38. Ke2 Nc4 39. Kd3 a5 40. a4 Na3 41. axb5 Nxb5 42. Bb6 a4 43. Kc4 Na3+ 44. Kb4 Nc2+ 45. Kxa4 Ke7 46. Kb3 Ne1 47. c4 Nf3 48. h5 Ne5 49. Bd4 Nxg4 50. Bxg7 Kd7 51. Kb4 Kc7 52. c5 dxc5+ 53. Kxc5 Kd7 54. Kd4 Kd6 55. Ke4 Nf2+ 56. Kf3 Nd3 57. Bxh6 Kxd5 58. Bg7 Ke6 59. Ke4 Nc5+ 60. Kf4 Kf7 1/2-1/2


[Site "https://www.chess.com"]